 Dungeon Crawl Stone Soup version 0.21.1-1-g345015f (webtiles) character file.

163 lyrx the Conjurer (level 5, 0/35 HPs)
             Began as a Demonspawn Conjurer on Mar 28, 2018.
             Killed from afar by Zgarb's ghost (16 damage)
             ... with a blast of rock fragments
             ... on level 3 of the Dungeon.
             The game lasted 00:21:24 (2473 turns).

lyrx the Conjurer (Demonspawn Conjurer)             Turns: 2473, Time: 00:21:24

Health: 0/35       AC:  5    Str:  8    XL:     5   Next: 20%
Magic:  2/9        EV: 12    Int: 18    God:
Gold:   147        SH:  0    Dex: 13    Spells: 4/10 levels left

rFire    + . .     SeeInvis .   (no weapon)
rCold    . . .     Gourm    .   (no shield)
rNeg     . . .     Faith    .   a - +0 robe
rPois    .         Spirit   .   (helmet restricted)
rElec    .         Reflect  .   g - +1 cloak
rCorr    .         Harm     .   i - +0 pair of gloves
MR       .....                  (no boots)
Stlth    ++........             (no amulet)
HPRegen  0.11/turn              (no ring)
MPRegen  0.11/turn              (no ring)

@: very slightly contaminated
A: hooves 1, horns 1, fire resistance 1, flame cloud immunity
a: no special abilities


You were on level 3 of the Dungeon.
You were not hungry.

You visited 1 branch of the dungeon, and saw 3 of its levels.

You collected 147 gold pieces.

Inventory:

Armour
 a - a +0 robe (worn)
 g - a +1 cloak (worn)
 i - a +0 pair of gloves (worn)
Scrolls
 d - a scroll of enchant armour
 h - a scroll of amnesia {unknown}
 k - a scroll of enchant weapon
 l - a scroll of teleportation
 m - a scroll of identify
 n - a scroll of fear
Potions
 e - 2 potions of brilliance
 f - 2 potions of cancellation {unknown}
 j - 2 potions of curing {unknown}
 p - a potion of magic {unknown}
 q - a potion of haste {unknown}
Books
 b - a book of Conjurations

   Spells                             Type                      Level
   a - Magic Dart                     Conjuration                  1
   b - Searing Ray                    Conjuration                  2
   c - Dazzling Spray                 Conjuration/Hexes            3
   d - Fulminant Prism                Conjuration/Hexes            4
   e - Force Lance                    Conjuration/Translocation    4
   f - Iskenderun's Mystic Blast      Conjuration                  4
 o - a book of Misfortune

   Spells                             Type                      Level
   a - Confusing Touch                Hexes                        1
   b - Confuse                        Hexes                        3
   c - Gell's Gravitas                Translocation                3
   d - Petrify                        Transmutation/Earth          4
   e - Metabolic Englaciation         Hexes/Ice                    5
   f - Yara's Violent Unravelling     Hexes/Transmutation          5
Comestibles
 c - 2 rations


   Skills:
 + Level 0.1 Fighting
 + Level 2.0 Dodging
 - Level 1.7 Stealth
 + Level 3.2 Spellcasting
 * Level 5.7 Conjurations


You had 4 spell levels left.
You knew the following spells:

 Your Spells              Type           Power        Failure   Level  Hunger
a - Magic Dart            Conj           ###.         1%          1    None
b - Searing Ray           Conj           ###...       2%          2    ##.....
c - Dazzling Spray        Conj/Hex       ##....       14%         3    ###....


Dungeon Overview and Level Annotations

Branches:
Dungeon (3/15)

Altars:
Gozag

Annotations:
D:3 Zgarb's ghost, amateur DEEE


Innate Abilities, Weirdness & Mutations

You have large cloven feet.
You have a pair of small horns on your head.
Your flesh is heat resistant. (rF+)
You are immune to clouds of flame.


Message History

Zgarb's ghost is heavily damaged.
Zgarb's ghost hits you but does no damage.
The searing ray hits Zgarb's ghost.
Zgarb's ghost is severely damaged.
You finish channeling your searing ray.
Zgarb's ghost misses you. Zgarb's ghost casts a spell past you.
The wall shatters!
The blast of rock fragments hits you!
Ouch! That really hurt!
You see here a whip.
Casting: Searing Ray
Confirm with . or Enter, or press ? or * to list all spells.
Aiming: Searing Ray
Press: ? - help, Shift-Dir - straight line, f/p - Zgarb's ghost
Aim: Zgarb's ghost (severely damaged)
You miscast Searing Ray.
You are very lightly contaminated with residual magic.
Nothing appears to happen.
Zgarb's ghost points at you and mumbles some strange words.
The wall shatters!
The blast of rock fragments hits you!
You die...

###.............
##..>......### #.........##
###### #.).........
.....######### #............
.###...#.....####......)..#..
...#..........##.W...........
.###......)....#.)........#.
_..#............@...>.......
.#.#.......................#
...#..............#.....#.##
.###...........#........#.#
..............#...........
##.....#...<.#........#.#.
##########..#.##........
##..##.##........
#######...##...........


You could see Zgarb's ghost.

Vanquished Creatures
  An ogre (D:2)
  A gnoll (D:1)
  2 adders
  An ooze (D:2)
  4 worms (D:2)
  A leopard gecko (D:2)
  2 bats
  5 giant cockroaches
  3 goblins
  4 hobgoblins
  7 kobolds
  A ball python (D:2)
  4 frilled lizards
  2 rats (D:2)
38 creatures vanquished.

Notes
Turn   | Place    | Note
-------+----------+-------------------------------------------
     0 | D:1      | lyrx the Demonspawn Conjurer began the quest for the Orb.
     0 | D:1      | Reached XP level 1. HP: 13/13 MP: 3/3
   619 | D:1      | Gained mutation: You have a pair of small horns on your head. [demonic ancestry]
   619 | D:1      | Reached XP level 2. HP: 19/19 MP: 1/5
   727 | D:1      | Learned a level 2 spell: Searing Ray
  1250 | D:2      | Gained mutation: Your flesh is heat resistant. (rF+) [demonic ancestry]
  1250 | D:2      | Reached XP level 3. HP: 24/24 MP: 2/6
  1503 | D:2      | Reached skill level 5 in Conjurations
  1686 | D:2      | Noticed an ogre
  1831 | D:2      | Killed an ogre
  1831 | D:2      | Gained mutation: You have large cloven feet. [demonic ancestry]
  1831 | D:2      | Reached XP level 4. HP: 30/30 MP: 4/8
  1831 | D:2      | Gained mutation: You are immune to clouds of flame. [demonic ancestry]
  1831 | D:2      | Reached XP level 5. HP: 35/35 MP: 4/9
  2131 | D:2      | Learned a level 3 spell: Dazzling Spray
  2310 | D:3      | Found an opulent altar of Gozag.
  2457 | D:3      | Noticed Zgarb's ghost (amateur DEEE)
  2473 | D:3      | Killed from afar by Zgarb's ghost

Skill      XL: |  1  2  3 |
---------------+----------+-----
Conjurations   | 5 |  5.7
Dodging        | 2 |  2.0
Spellcasting   | 3 |  3.2
Fighting       | |  0.1
Stealth        | |  1.7

Action                   |  1- 3 |  4- 6 || total
-------------------------+-------+-------++-------
Melee: Unarmed           |     3 |       ||     3
 Cast: Magic Dart        |    39 |    21 ||    60
       Searing Ray       |    15 |     3 ||    18
  Use: Scroll            |       |     5 ||     5
  Eat: Ration            |     1 |       ||     1
       Chunk             |       |     3 ||     3
Armor: Robe              |    14 |     2 ||    16
Dodge: Dodged            |    25 |     2 ||    27
